[Event "Late-Titled-Tuesday-Blitz-January-16-2024"]
[Site "Chess.com"]
[Date "2024.01.16"]
[Round "9"]
[White "HaryKane"]
[Black "Jagerrmeisterr"]
[Result "1-0"]
[WhiteElo "2581"]
[BlackElo "2709"]
[TimeControl "180+1"]
[EndTime "15:46:14 PST"]
[Termination "HaryKane won by checkmate"]

1. e4 d5 2. exd5 Qxd5 3. Nf3 Nf6 4.
Be2 Bg4 5. h3 Bh5 6. O-O e6 7.
c4 Qd8 8. d4 Nbd7 9. Qb3 Rb8 10.
Nc3 Be7 11. Bf4 a6 12. Rad1 Bd6 13. Bg5 b6 14. Rfe1 h6 15. Bh4 g5 16. Bg3 Bxg3 17.
fxg3 Qe7 18. d5 Nc5 19. Qa3 O-O 20. b4 Nce4 21. Nxe4 Nxe4 22. g4 Bg6 23. Bf1 a5 24.
Ne5 axb4 25. Qe3 Qc5 26. Rd4 exd5 27. cxd5 Nf6 28. Rc1 Qe7 29. Qg3 Rbe8 30. Nxg6 fxg6 31. Rxc7 Qd8 32. d6 Ne4 33. Bc4+ Kh8 34. Qd3 Nc5 35. Qxg6 Re1+ 36. Kh2 Nd7 37. Qxh6# 1-0

[Event "Late-Titled-Tuesday-Blitz-January-16-2024"]
[Site "Chess.com"]
[Date "2024.01.16"]
[Round "9"]
[White "Lion-Al-Messi"]
[Black "SergioMoralesG"]
[Result "1-0"]
[WhiteElo "2606"]
[BlackElo "2464"]
[TimeControl "180+1"]
[EndTime "15:46:14 PST"]
[Termination "Lion-Al-Messi won on time"]

1. e4 c5 2. Nf3 e6 3. d4 cxd4 4.
Nxd4 Nc6 5. Nc3 Qc7 6. Be3 a6 7. Qd2 Nf6 8. O-O-O Bb4 9. f3 Ne7 10. Nde2 b5 11. g4 h6 12. Kb1 Ba5 13. Qd6 Bb7 14. h4 Rc8 15. Bg2 b4 16. Qxc7 Bxc7 17. Na4 d5 18. g5 Nd7 19. gxh6 gxh6 20. Nc5 Nxc5 21. Bxc5 Rg8 22. Bh3 dxe4 23. fxe4 Bxe4 24. Rhf1 Bf5 25. Bxf5 Nxf5 26. Nd4 Ne3 27. Nc6 Nxf1 28. Rxf1 Bh2 29. Ne7 Rxc5 30. Nxg8 f5 31. Nxh6 Rc4 32.
Re1 Kd7 33. h5 Rh4 34. Ng8 Kd6 35. h6 Bf4 36. Rd1+ Kc7 37. a3 bxa3 38. Re1 Bxh6 39. Rxe6 Bg7 40. bxa3 1-0

[Event "Late-Titled-Tuesday-Blitz-January-16-2024"]
[Site "Chess.com"]
[Date "2024.01.16"]
[Round "9"]
[White "tolimachess"]
[Black "jjbolanos"]
[Result "1-0"]
[WhiteElo "2447"]
[BlackElo "2117"]
[TimeControl "180+1"]
[EndTime "15:46:14 PST"]
[Termination "tolimachess won by checkmate"]

1. e4 c5 2. Nc3 Nc6 3. g3 g6 4. Bg2 Bg7 5. Nge2 d6 6. O-O Nf6 7. d3 O-O 8. h3 Rb8 9. a4 a6 10. f4 b5 11. axb5 axb5 12. e5 Ne8 13. Bxc6 Bxh3 14. Bg2 Bxg2 15. Kxg2 b4 16. Ne4 dxe5 17. fxe5 Bxe5 18. Bh6 Ng7 19. Qc1 Qd5 20. Rf3 c4 21. Ra7 Rfc8 22. Qf1 Nf5 23. Bc1 cxd3 24.
cxd3 Rc2 25. Kh3 Rbc8 26. Bf4 Qe6 27. g4 Nd4 28. Nxd4 Bxd4 29. Ng5 Qc6 30. Rxe7 Rxb2 31. Nxf7 Rf8 32. Nh6+ Kh8 33. Be5+ Rf6 34. Rxf6 Qg2+ 35. Qxg2 Rf2 36. Rf8# 1-0

[Event "Late-Titled-Tuesday-Blitz-January-16-2024"]
[Site "Chess.com"]
[Date "2024.01.16"]
[Round "9"]
[White "Actuary44"]
[Black "kai_nov"]
[Result "1-0"]
[WhiteElo "2501"]
[BlackElo "2282"]
[TimeControl "180+1"]
[EndTime "15:46:15 PST"]
[Termination "Actuary44 won on time"]

1. e4 c5 2. d4 cxd4 3. c3 Nf6 4.
Bd3 Nc6 5. f4 e5 6. Nf3 d5 7.
fxe5 dxe4 8. exf6 exd3 9. Qxd3 Qxf6 10. O-O dxc3 11. Bg5 Bc5+ 12. Kh1 Qf5 13. Re1+ Kf8 14. Qxc3 Bb4 15. Qe3 Bxe1 16. Qxe1 h6 17. Bh4 Be6 18. Nbd2 Kg8 19. Qe3 Kh7 20. Rf1 Qg6 21. Bg3 Rhe8 22. Nh4 Qc2 23. Ndf3 Rad8 24. Qf4 Qd3 25. Ne1 Qe2 26.
Rg1 Rd1 27. h3 Bd5 28. Qf5+ Kg8 29. Nhf3 Re3 30. Qc8+ Kh7 31. Qf5+ g6 32. Qf6 Re4 33. Kh2 Nd4 34. Nh4 1-0

[Event "Late-Titled-Tuesday-Blitz-January-16-2024"]
[Site "Chess.com"]
[Date "2024.01.16"]
[Round "9"]
[White "Hui_Li_Macau"]
[Black "SanchezKelvin"]
[Result "0-1"]
[WhiteElo "2317"]
[BlackElo "2557"]
[TimeControl "180+1"]
[EndTime "15:46:21 PST"]
[Termination "SanchezKelvin won on time"]

1. e4 e5 2. Nf3 Nc6 3. Bb5 a6 4.
Ba4 b5 5. Bb3 Nf6 6. O-O Nxe4 7.
d4 d5 8. dxe5 Be6 9. Nbd2 Nc5 10.
c3 Be7 11. Bc2 Bg4 12. h3 Bh5 13. Re1 Qd7 14. Nb3 Ne6 15. Bf5 O-O 16. Nbd4 Ncxd4 17. cxd4 Rfd8 18. Be3 Bb4 19. Rf1 Bxf3 20. Qxf3 g6 21. Bc2 c5 22. dxc5 d4 23. c6 Qc7 24.
Bh6 Qxe5 25. a3 Bf8 26. Bxf8 Rxf8 27. Rfe1 Qd6 28. Bb3 Nc5 29. Ba2 Rac8 30. b4 Na4 31. Bb3 Nc3 32. a4 Qxb4 33. axb5 Qxb3 34. bxa6 Qb6 35. a7 Ra8 36. Re7 Qc5 37. Rb7 Nb5 38. c7 Nxc7 0-1

[Event "Late-Titled-Tuesday-Blitz-January-16-2024"]
[Site "Chess.com"]
[Date "2024.01.16"]
[Round "9"]
[White "AlexLongson"]
[Black "anasta10"]
[Result "0-1"]
[WhiteElo "2390"]
[BlackElo "2537"]
[TimeControl "180+1"]
[EndTime "15:46:22 PST"]
[Termination "anasta10 won on time"]

1. e4 g6 2. d4 Bg7 3. Nf3 d6 4. Bc4 a6 5. a4 c6 6. Bb3 d5 7. e5 Nh6 8. O-O O-O 9. h3 f6 10.
Re1 fxe5 11. Nxe5 Nf7 12. Ng4 Nd7 13. c4 Nb6 14. cxd5 Nxd5 15. Nc3 Kh8 16. Nxd5 cxd5 17. Bf4 Bf5 18. Rc1 e6 19. Ne3 Qb6 20. Nxf5 gxf5 21. a5 Qxd4 22. Qxd4 Bxd4 23. Rxe6 Bxb2 24. Rc7 Rac8 25. Rxb7 Nd8 26. Re2 Bf6 27. Ra7 d4 28.
Rxa6 Nc6 29. Bd5 Nb4 30. Rd6 d3 31. Rd2 Rc2 32. Rd1 Kg7 33. Rd7+ Kg6 34. Bf3 Rf7 0-1

[Event "Late-Titled-Tuesday-Blitz-January-16-2024"]
[Site "Chess.com"]
[Date "2024.01.16"]
[Round "9"]
[White "LevonAronian"]
[Black "ChristopherYoo"]
[Result "1-0"]
[WhiteElo "3100"]
[BlackElo "2982"]
[TimeControl "180+1"]
[EndTime "15:46:25 PST"]
[Termination "LevonAronian won by resignation"]

1. e4 c5 2. Nf3 Nc6 3. Bb5 g6 4. Bxc6 bxc6 5. O-O Bg7 6. Re1 e5 7. c3 Ne7 8. d4 exd4 9. cxd4 cxd4 10. Nxd4 O-O 11.
Nc3 Qb6 12. Nb3 Re8 13. Be3 Qb8 14. Bd4 Be5 15. Bxe5 Qxe5 16. Qd2 a5 17. f4 Qg7 18.
e5 a4 19. Nc5 a3 20. N5e4 Kh8 21. b3 Rd8 22. Nd6 Ba6 23. Nce4 Nd5 24. Rac1 Rf8 25.
Nc5 Bc8 26. Rc4 f5 27. Ra4 Rxa4 28. bxa4 g5 29. fxg5 f4 30. e6 f3 31. gxf3 Nf4 32. Nxc8 Qxg5+ 33. Kh1 Qxc5 34. e7 Re8 35. Qxf4 Qc3 36.
Qe5+ Qxe5 37. Rxe5 Kg7 38. Nd6 Kf6 39. Nxe8+ Kxe5 40.
Nc7 Kd6 41. e8=Q Kxc7 42. Qe5+ 1-0

[Event "Late-Titled-Tuesday-Blitz-January-16-2024"]
[Site "Chess.com"]
[Date "2024.01.16"]
[Round "9"]
[White "PawnEatingZombie"]
[Black "BozeKat"]
[Result "0-1"]
[WhiteElo "2149"]
[BlackElo "2107"]
[TimeControl "180+1"]
[EndTime "15:46:26 PST"]
[Termination "BozeKat won on time"]

1. e4 c5 2. c3 d5 3. exd5 Nf6 4. Bb5+ Bd7 5. Bxd7+ Qxd7 6. c4 e6 7. dxe6 Qxe6+ 8. Qe2 Qxe2+ 9. Nxe2 Nc6 10. O-O O-O-O 11. Nbc3 Nb4 12. d3 Rxd3 13. Be3 Nc2 14. Rad1 Rxe3 15.
fxe3 Nxe3 16. Nf4 Nxf1 17. Kxf1 Be7 18. Ke2 Re8 19. Kf3 Bd8 20. g4 h6 21. h4 Nd7 22. b3 Bxh4 23. Nb5 Ne5+ 24. Kg2 Kb8 25.
Kh3 Bg5 26. Nd5 a6 27. Nd6 Re6 28. Nf5 g6 29. Ng3 Nf3 30. Rf1 Ne5 31. Ne4 Bd8 32.
Nxc5 Rc6 33. Ne4 h5 34. gxh5 gxh5 35. Rf5 Re6 36. Rxh5 Ka7 37. Nc5 Re8 38. Na4 Ng6 39. Rh7 f5 40. Kg3 f4+ 41. Kf3 Rf8 0-1

[Event "Late-Titled-Tuesday-Blitz-January-16-2024"]
[Site "Chess.com"]
[Date "2024.01.16"]
[Round "9"]
[White "ZuraTqebuchava"]
[Black "MaxLeto"]
[Result "0-1"]
[WhiteElo "2111"]
[BlackElo "2372"]
[TimeControl "180+1"]
[EndTime "15:46:26 PST"]
[Termination "MaxLeto won on time"]

1. e4 c5 2. Nf3 d6 3. Bb5+ Nd7 4. O-O e5 5. c3 Nf6 6. d4 Qc7 7. dxe5 dxe5 8. Na3 Be7 9. Nc4 O-O 10. Bxd7 Nxd7 11.
Ne3 Nf6 12. Qc2 Be6 13. h3 h6 14. b3 Rfd8 15. c4 Bd6 16. Bb2 Re8 17. Rfd1 Rad8 18. Rxd6 Qxd6 19. Bxe5 Qe7 20. Nd5 Nxd5 21. exd5 Bc8 22.
Re1 f6 23. Bg3 Qf7 24. Rd1 b6 25. d6 Bb7 26. Nh4 Be4 27. Qc3 g5 28. f3 gxh4 29. fxe4 hxg3 30. Rf1 Qg7 31. Rf3 Re5 32. h4 Rxe4 33.
Rxg3 Rg4 34. Rf3 f5 35. Qe3 Re4 36. Qd3 Qd4+ 37. Qxd4 Rxd4 38. Rf4 R8xd6 39. Rxf5 Kg7 40. Re5 Rd7 0-1

[Event "Late-Titled-Tuesday-Blitz-January-16-2024"]
[Site "Chess.com"]
[Date "2024.01.16"]
[Round "9"]
[White "Kostukov_Alex"]
[Black "JaackCamel"]
[Result "0-1"]
[WhiteElo "2299"]
[BlackElo "2166"]
[TimeControl "180+1"]
[EndTime "15:46:27 PST"]
[Termination "JaackCamel won on time"]

1. g3 d5 2. Bg2 e5 3. c4 c6 4. cxd5 cxd5 5. d4 e4 6. Nc3 Nf6 7. Bg5 Nbd7 8. Nh3 h6 9. Bxf6 Nxf6 10. O-O Bd6 11. f3 O-O 12. Nf2 e3 13. Nh3 Re8 14. Rc1 Bd7 15. Kh1 Rc8 16. Qb3 Be6 17. Nb5 Bb8 18. Ng1 Bf5 19. Rxc8 Qxc8 20. Nc3 Be6 21.
a3 Kh8 22. Rc1 Qd7 23. Qb5 Qe7 24.
Na4 Bd6 25. Nc5 Bc8 26. Bh3 Bxh3 27. Nxh3 b6 28. Nd3 Kg8 29. Kg2 Rd8 30. Nhf4 Bxf4 31. Nxf4 Qd6 32. Qc6 Qe7 33. Qc7 Rd7 34. Qb8+ Kh7 35.
Rc8 g5 36. Rh8+ Kg7 37. Nh3 Rc7 38. g4 Rc2 39. Rxh6 Kxh6 0-1

[Event "Late-Titled-Tuesday-Blitz-January-16-2024"]
[Site "Chess.com"]
[Date "2024.01.16"]
[Round "9"]
[White "Nick12772"]
[Black "mortngabriel"]
[Result "0-1"]
[WhiteElo "2328"]
[BlackElo "2506"]
[TimeControl "180+1"]
[EndTime "15:46:28 PST"]
[Termination "mortngabriel won by resignation"]

1. Nf3 d5 2. g3 Nf6 3. Bg2 e6 4. O-O Be7 5. d4 O-O 6. c4 dxc4 7. Qc2 Nd5 8. Qxc4 b5 9. Qc2 Bb7 10. Nc3 a6 11. Nxd5 Bxd5 12. Bf4 Bd6 13. Bxd6 cxd6 14. Rfc1 Nd7 15. Qc7 Nf6 16. Qxd8 Rfxd8 17. Nd2 Bxg2 18. Kxg2 Rac8 19. f3 Nd5 20. Kf2 Nb4 21. a3 Nc2 22. Rab1 Nxd4 23. Ne4 d5 24. Nc5 Rc6 25. e3 Nf5 26. b4 Nd6 27. a4 Rdc8 28. axb5 axb5 29. Ra1 Nc4 30. Ra7 R6c7 31. Rca1 g5 32. Rxc7 Rxc7 33. Ra8+ Kg7 34. Rb8 Ra7 35. Rxb5 Ra2+ 36. Ke1 Nxe3 37. Rb7 Kg6 38. b5 Nc4 39. Nd7 d4 40.
Rc7 Ne3 41. Ne5+ Kf6 42. f4 gxf4 43. gxf4 Kf5 44. Rxf7+ Ke4 45. b6 d3 46. Nxd3 Kxd3 47. Rd7+ Ke4 48. b7 Kf3 49. Rd2 Ra1+ 0-1

[Event "Late-Titled-Tuesday-Blitz-January-16-2024"]
[Site "Chess.com"]
[Date "2024.01.16"]
[Round "9"]
[White "Fandorine"]
[Black "Makswolf200817"]
[Result "1-0"]
[WhiteElo "2967"]
[BlackElo "2754"]
[TimeControl "180+1"]
[EndTime "15:46:29 PST"]
[Termination "Fandorine won on time"]

1. c4 e6 2. g3 d5 3. Bg2 Nf6 4. Nf3 dxc4 5. Qa4+ Nbd7 6. Qxc4 a6 7. Qc2 c5 8. Nc3 Qc7 9. O-O b5 10. a4 b4 11. Nd1 Bb7 12. Ne3 Be7 13. d3 O-O 14. Nc4 Nd5 15. a5 Bc6 16. e4 N5f6 17. Bf4 Qb7 18. Nfe5 Nxe5 19. Nxe5 Bb5 20. Nc4 Rad8 21. Rfd1 Bc6 22. h3 Ne8 23. Be3 Bb5 24. Nb6 Nf6 25. Bxc5 Bxc5 26. Qxc5 Rxd3 27. e5 Ne4 28.
Qxb4 Rxd1+ 29. Rxd1 Bc6 30. Rc1 Rd8 31. Rxc6 Qxc6 32.
Bxe4 Qc1+ 33. Kg2 g6 34. Nc4 Rd4 35. Qb8+ Kg7 36. Nd6 Qc5 37. Qb7 Qxe5 38. Qxf7+ Kh6 39. Qf8+ Kh5 40. Bf3+ Kg5 41. Nf7+ 1-0

[Event "Late-Titled-Tuesday-Blitz-January-16-2024"]
[Site "Chess.com"]
[Date "2024.01.16"]
[Round "9"]
[White "GiorgianBarbosa"]
[Black "laskakid"]
[Result "1-0"]
[WhiteElo "2468"]
[BlackElo "2315"]
[TimeControl "180+1"]
[EndTime "15:46:30 PST"]
[Termination "GiorgianBarbosa won on time"]

1. d4 d5 2. c4 e6 3. Nc3 c6 4. e3 f5 5. Qc2 Nf6 6. Bd3 Bd6 7. Nge2 O-O 8. Bd2 Qe7 9. f3 Kh8 10.
h3 dxc4 11. Bxc4 e5 12. O-O-O b5 13. Bb3 a5 14. a4 bxa4 15. Nxa4 Nbd7 16. Bc3 Ba6 17. g4 exd4 18. Nxd4 Qxe3+ 19. Kb1 Bb4 20. Nxf5 Qxf3 21. g5 Nd5 22. Bxg7+ Kg8 23. Bxf8 Rxf8 24. Ne7+ Kg7 25. Nxd5 cxd5 26. Bxd5 Qf4 27. Bb3 Bb5 28. h4 Ne5 29. h5 Qf3 30. h6+ Kh8 31. Rhe1 Bd3 32.
Rxd3 Qxd3 33. Qxd3 Nxd3 34. Re6 Nf4 35. Rb6 Ng6 36. Ka2 Ne5 37. Bc2 1-0

[Event "Late-Titled-Tuesday-Blitz-January-16-2024"]
[Site "Chess.com"]
[Date "2024.01.16"]
[Round "9"]
[White "pirulillo"]
[Black "ImportedItalianMaple"]
[Result "0-1"]
[WhiteElo "2283"]
[BlackElo "2422"]
[TimeControl "180+1"]
[EndTime "15:46:31 PST"]
[Termination "ImportedItalianMaple won on time"]

1. e4 g6 2. d4 Bg7 3. Nc3 d5 4. exd5 Nf6 5. Bc4 Nbd7 6. Nge2 Nb6 7. Bb3 a5 8. a3 a4 9. Ba2 Nfxd5 10. Nxd5 Nxd5 11.
O-O O-O 12. c3 b6 13. Nf4 Bb7 14. Nxd5 Bxd5 15. Bxd5 Qxd5 16. Be3 b5 17. Qc2 Qc4 18. Rad1 Ra6 19. Rfe1 Re6 20. Qc1 c6 21. Bh6 Rd8 22.
Bxg7 Kxg7 23. Rxe6 Qxe6 24. Re1 Qd6 25. Re5 e6 26.
Qe3 c5 27. Re4 b4 28. h4 bxa3 29. bxa3 c4 30. h5 Qxa3 31. h6+ Kg8 32. Qg5 Qf8 33.
Re5 Ra8 34. d5 exd5 35. Rxd5 a3 36. Ra5 a2 37. Rxa8 Qxa8 38. Qf6 a1=Q+ 39. Kh2 Qb8+ 40. g3 Qf8 0-1

[Event "Late-Titled-Tuesday-Blitz-January-16-2024"]
[Site "Chess.com"]
[Date "2024.01.16"]
[Round "9"]
[White "GMAkobianSTL"]
[Black "Elsa167"]
[Result "1-0"]
[WhiteElo "2725"]
[BlackElo "2850"]
[TimeControl "180+1"]
[EndTime "15:46:32 PST"]
[Termination "GMAkobianSTL won on time"]

1. d4 Nf6 2. c4 g6 3. Nc3 Bg7 4. Nf3 d6 5. Bg5 Nbd7 6. e3 h6 7. Bh4 e6 8. Nd2 e5 9. d5 a5 10. Be2 Nc5 11. e4 h5 12. Bg5 Bh6 13. Bxh6 Rxh6 14. b3 h4 15. a3 Kf8 16. b4 Ncd7 17. Nb3 b6 18. Qd2 Kg7 19. O-O Nh7 20. Nb5 a4 21. Nc1 Ndf6 22. f3 Nh5 23. Nd3 f5 24.
Rac1 Bd7 25. Nc3 Ng3 26. Rf2 f4 27. h3 Ng5 28. Bf1 Qc8 29. c5 Rh5 30. cxd6 Bxh3 31. Nxe5 Nxf1 32. Qxf4 Bxg2 33. Kxg2 Qh3+ 34. Kg1 Ng3 35. Rh2 Rf8 36. Qxf8+ Kxf8 37. Rxh3 Nxh3+ 38. Kh2 cxd6 39. Nxg6+ Kg7 40. Nxh4 Rxh4 41. Kxg3 Rh6 42. Rh1 Ng5 43. Rxh6 1-0

[Event "Late-Titled-Tuesday-Blitz-January-16-2024"]
[Site "Chess.com"]
[Date "2024.01.16"]
[Round "9"]
[White "jmpion"]
[Black "PepeCuenca"]
[Result "0-1"]
[WhiteElo "2537"]
[BlackElo "2692"]
[TimeControl "180+1"]
[EndTime "15:46:32 PST"]
[Termination "PepeCuenca won on time"]

1. e4 c5 2. Nf3 Nc6 3. Bb5 e5 4. Bxc6 dxc6 5. d3 f6 6. O-O Be6 7. a3 Bd6 8. b4 cxb4 9. d4 exd4 10. Nxd4 Bc4 11. Qg4 Be5 12. Rd1 Bxd4 13. Be3 Qe7 14.
Rxd4 Be6 15. Qg3 bxa3 16. Rxa3 a6 17. Rad3 h5 18. Qg6+ Qf7 19. Qg3 Ne7 20. Nd2 O-O 21. f4 f5 22. Rd6 fxe4 23. Nxe4 Nf5 24. Ng5 Nxg3 25. Nxf7 Ne2+ 26. Kf2 Bxf7 27. Kxe2 Bc4 28. Kf2 Bxd3 29. Rxd3 Rad8 30. Rb3 Rd7 31. Bc5 Rf5 32. Be3 Rb5 33. Ra3 Kf7 34. g3 Rb2 35. Rc3 a5 36.
h3 a4 37. g4 hxg4 38. hxg4 Rb5 39. f5 Ra5 40. Bb6 Ra6 41. Bc5 Rd5 42. Ke3 Rxc5 0-1

[Event "Late-Titled-Tuesday-Blitz-January-16-2024"]
[Site "Chess.com"]
[Date "2024.01.16"]
[Round "9"]
[White "Bkmzzzzz"]
[Black "Nouali_Mohamed"]
[Result "1-0"]
[WhiteElo "2417"]
[BlackElo "2526"]
[TimeControl "180+1"]
[EndTime "15:46:33 PST"]
[Termination "Bkmzzzzz won on time"]

1. e4 c5 2. Nf3 Nc6 3. Bb5 Qc7 4.
Nc3 e6 5. O-O a6 6. Bxc6 Qxc6 7.
d4 cxd4 8. Nxd4 Qc7 9. Re1 h5 10. e5 Nh6 11. Bg5 Ng4 12. Qe2 Bc5 13. Rad1 f6 14. Bf4 g5 15. Bg3 f5 16. Nxf5 exf5 17. e6 Bxf2+ 18. Qxf2 Nxf2 19. exd7+ Kf7 20. Bxc7 Nxd1 21.
Rxd1 Bxd7 22. Rxd7+ Ke6 23. Rd6+ Kf7 24. Nd5 Rhf8 25.
Kf2 Rae8 26. Rh6 h4 27. Bd6 Kg7 28. Bxf8+ Rxf8 29. Rd6 Rf7 30. h3 g4 31. Ne3 gxh3 32. gxh3 f4 33. Ng4 Rc7 34. c3 Rc4 35. Kf3 Ra4 36. a3 b5 37. Rd4 Ra5 38. Rb4 Kg6 39.
Kxf4 1-0

[Event "Late-Titled-Tuesday-Blitz-January-16-2024"]
[Site "Chess.com"]
[Date "2024.01.16"]
[Round "9"]
[White "Akhayan"]
[Black "Felix-Rose"]
[Result "1-0"]
[WhiteElo "2354"]
[BlackElo "2235"]
[TimeControl "180+1"]
[EndTime "15:46:33 PST"]
[Termination "Akhayan won on time"]

1. e4 e5 2. Bc4 Nf6 3. d3 c6 4. Nf3 Be7 5. O-O d6 6. c3 Bg4 7. h3 Bxf3 8. Qxf3 Nbd7 9. Qg3 O-O 10. f4 exf4 11. Bxf4 Nh5 12. Qg4 Nxf4 13. Qxf4 d5 14.
exd5 cxd5 15. Bb3 Nf6 16. Nd2 a5 17. Rae1 Bd6 18. Qf3 a4 19. Bc2 Qb6+ 20. Kh1 Qxb2 21. Rc1 Qxc3 22. Nb1 Qe5 23. g3 Nh5 24. Kg2 Nxg3 25.
Rfe1 Qg5 26. Qg4 Qh6 27. d4 Rae8 28. Rcd1 Ne2 29. Rxe2 Rxe2+ 30. Qxe2 f5 31. Qf3 Qg5+ 32. Kh1 Re8 33. Rg1 Qh6 34. Qxd5+ Kh8 35. Qxf5 Rf8 36. Qg4 g6 37. d5 Qe3 38. Be4 Rf2 39. Bg2 Kg7 40.
Qd7+ Be7 41. d6 1-0

[Event "Late-Titled-Tuesday-Blitz-January-16-2024"]
[Site "Chess.com"]
[Date "2024.01.16"]
[Round "9"]
[White "Zhigalko_Sergei"]
[Black "dropstoneDP"]
[Result "1/2-1/2"]
[WhiteElo "2989"]
[BlackElo "3023"]
[TimeControl "180+1"]
[EndTime "15:46:34 PST"]
[Termination "Game drawn by repetition"]

1. e4 e5 2. Nf3 Nf6 3. Nxe5 d6 4. Nf3 Nxe4 5. Nc3 Nxc3 6. dxc3 Be7 7. Be3 O-O 8. Qd2 Nd7 9. O-O-O Nf6 10. Bd3 c5 11. Kb1 Be6 12. Ng5 Bd5 13. Nxh7 Bxa2+ 14. Kxa2 Nxh7 15.
Qe2 Re8 16. Bxc5 Qa5+ 17. Ba3 Nf6 18. Bb5 Red8 19. Kb1 Bf8 20. Rhe1 d5 21. Bxf8 Rxf8 22.
Bd3 b5 23. Qe7 Qb6 24. Qe3 Qb7 25. Qc5 Rfc8 26. Qxb5 Qc7 27. Qa4 Rab8 28. Qd4 a5 29. Re3 a4 30. Rg3 a3 31. b3 a2+ 32. Kb2 Ra8 33.
Ra1 Qa5 34. Qb4 Qa7 35. Rf3 Ng4 36. Qa4 Qc5 37. Qb4 Qa7 38. Qa4 Qc5 39. Qb4 Qa7 1/2-1/2

[Event "Late-Titled-Tuesday-Blitz-January-16-2024"]
[Site "Chess.com"]
[Date "2024.01.16"]
[Round "9"]
[White "GoltsevDmitry2000"]
[Black "tptagain"]
[Result "1-0"]
[WhiteElo "2768"]
[BlackElo "2946"]
[TimeControl "180+1"]
[EndTime "15:46:37 PST"]
[Termination "GoltsevDmitry2000 won on time"]

1. e4 c6 2. e5 d6 3. exd6 exd6 4.
d4 Nf6 5. Nf3 d5 6. c4 Bb4+ 7.
Nc3 O-O 8. Be2 dxc4 9. Bxc4 Re8+ 10. Be3 Be6 11. Bxe6 Rxe6 12. O-O Na6 13. Qb3 Qd7 14. Ne5 Qe7 15. Bg5 h6 16. Bh4 Rd8 17. Rad1 g5 18.
Bg3 Nd5 19. Rfe1 Nac7 20. a3 Bxc3 21. bxc3 f6 22. Nd3 Nb5 23. Rxe6 Qxe6 24. Re1 Qf7 25. Rc1 Nb6 26. Qxf7+ Kxf7 27. Nc5 Nxa3 28. Nxb7 Rd7 29. Na5 Nac4 30. Nxc6 a5 31. Ra1 a4 32. Kf1 a3 33.
Ke2 Kg6 34. Kd3 Nb2+ 35. Kc2 N2c4 36. Kb3 Rb7 37. Nb4 Re7 38. Nc2 Re2 39. Ra2 Nd2+ 40. Kxa3 Ne4 41. Kb3 Nd2+ 42. Ka3 Ne4 43. Nb4 Nc4+ 44.
Kb3 Ncd2+ 45. Kc2 Nb1+ 46. Kd3 Rxa2 47. Nxa2 1-0

[Event "Late-Titled-Tuesday-Blitz-January-16-2024"]
[Site "Chess.com"]
[Date "2024.01.16"]
[Round "9"]
[White "GothamChess"]
[Black "RuleOfTwo"]
[Result "1-0"]
[WhiteElo "2760"]
[BlackElo "2578"]
[TimeControl "180+1"]
[EndTime "15:46:38 PST"]
[Termination "GothamChess won by resignation"]

1. e4 b6 2. Nc3 Bb7 3. Bc4 e6 4. Bb3 Nf6 5. d3 c5 6. f4 Nc6 7.
Nf3 d5 8. O-O Be7 9. Qe1 Nd4 10.
Nxd4 cxd4 11. Ba4+ Kf8 12. e5 dxc3 13. exf6 Bc5+ 14. Kh1 Qxf6 15. Qxc3 d4 16. Qe1 Qg6 17. Qe2 h5 18. Bd7 Qf5 19. Kg1 h4 20. h3 Rh6 21. Rf2 Rg6 22. Kf1 Qd5 23. Ba4 Qf5 24. Bd2 Rg3 25. Qe5 Qxe5 26. fxe5 Ke7 27. b4 b5 28.
Bxb5 Bb6 29. a4 Rc8 30. Bc4 Bd5 31. Bxd5 exd5 32. a5 Bc7 33. Bf4 Rg6 34. Rb1 Re6 35. Re2 Kd7 36. Kf2 a6 37. Kf3 Kc6 38. Bg5 Rce8 39. Bxh4 Bxe5 40. g4 Bd6 41. Rbe1 Rxe2 42. Rxe2 Rb8 43. Be1 Bxb4 44. Bxb4 Rxb4 45. Re7 Rb2 46.
Rxf7 Kb5 47. Rb7+ 1-0

[Event "Late-Titled-Tuesday-Blitz-January-16-2024"]
[Site "Chess.com"]
[Date "2024.01.16"]
[Round "9"]
[White "Brahianzevich"]
[Black "MrChessSponge"]
[Result "0-1"]
[WhiteElo "2431"]
[BlackElo "2552"]
[TimeControl "180+1"]
[EndTime "15:46:38 PST"]
[Termination "MrChessSponge won by checkmate"]

1. e4 c6 2. d4 d5 3. Nc3 dxe4 4. Nxe4 Nf6 5. Nxf6+ exf6 6. c3 Bd6 7. Bd3 O-O 8. Ne2 Re8 9. Qc2 h5 10. Be3 Nd7 11.
O-O-O Nf8 12. Kb1 b5 13. Ng3 Be6 14. Nxh5 Qa5 15. b3 b4 16. g4 bxc3 17. Rhg1 Rab8 18.
Nf4 Bxf4 19. Bxf4 Qa3 20. Bc1 Qa4 21. Qxc3 Bxb3 22. axb3 Rxb3+ 23. Qxb3 Qxb3+ 24. Bb2 Rb8 25. Rd2 Ne6 26. Rc1 a5 27. Bc4 Qb4 28. Rdc2 Nxd4 29.
Ka2 Nxc2 30. Rxc2 Qa4+ 31. Kb1 c5 32. h4 Qd7 33. g5 Qd1+ 34. Rc1 Qd4 35. Rc2 Rxb2+ 36.
Rxb2 Qxc4 37. f4 fxg5 38. hxg5 Qxf4 39. Rc2 Qe4 40. Kb2 Qxc2+ 41. Kxc2 Kh7 42. Kc3 Kg6 43. Kc4 Kxg5 44. Kxc5 f5 45. Kb5 f4 46. Kxa5 f3 47.
Kb4 f2 48. Kc3 f1=Q 49. Kd2 Qf3 50. Ke1 Kf4 51. Kd2 Ke4 52. Ke1 Qg2 53. Kd1 Kd3 54. Kc1 Qc2# 0-1

[Event "Late-Titled-Tuesday-Blitz-January-16-2024"]
[Site "Chess.com"]
[Date "2024.01.16"]
[Round "9"]
[White "nfds"]
[Black "LUISMIGUELOV"]
[Result "1-0"]
[WhiteElo "2493"]
[BlackElo "2194"]
[TimeControl "180+1"]
[EndTime "15:46:39 PST"]
[Termination "nfds won by resignation"]

1. a3 d5 2. Nf3 Bg4 3. e3 h5 4.
Be2 Nd7 5. h3 Bf5 6. b4 e6 7. Bb2 Ngf6 8. d3 Be7 9. Nbd2 a5 10. b5 b6 11. Nd4 Nb8 12. Nxf5 exf5 13. Nf3 c5 14. bxc6 Nxc6 15. O-O O-O 16. Rb1 Rb8 17. a4 g6 18. Nd4 Nxd4 19. Bxd4 Bc5 20. Be5 Bd6 21. Ba1 Qe7 22. Rb5 Be5 23. Bxe5 Qxe5 24.
Qa1 Qxa1 25. Rxa1 Rb7 26. Rab1 Rfb8 27. Bf3 Kg7 28. c4 Rd7 29. Bxd5 Nxd5 30. cxd5 Rd6 31. e4 Kf6 32. f4 fxe4 33. dxe4 Ke7 34. e5 Rd7 35.
d6+ Ke6 36. Kf2 g5 37. g3 Kf5 38. Kf3 gxf4 39. gxf4 f6 40. Re1 fxe5 41. Rbxe5+ Kf6 42. Re6+ Kf7 43. R1e5 Rbd8 44. Re7+ Rxe7 45. dxe7 Re8 46. Ke4 Rxe7 47. Rxe7+ Kxe7 48. Ke5 b5 49. axb5 a4 50. Kd4 a3 51. Kc3 a2 52. Kb2 1-0

[Event "Late-Titled-Tuesday-Blitz-January-16-2024"]
[Site "Chess.com"]
[Date "2024.01.16"]
[Round "9"]
[White "sergeikim"]
[Black "cthulhuuu"]
[Result "1/2-1/2"]
[WhiteElo "2552"]
[BlackElo "2448"]
[TimeControl "180+1"]
[EndTime "15:46:40 PST"]
[Termination "Game drawn by stalemate"]

1. d4 Nf6 2. c4 e5 3. dxe5 Ng4 4. e4 Nxe5 5. f4 Nec6 6. Be3 a5 7. Nc3 Na6 8. Nf3 Bc5 9. Qd2 O-O 10. Bd3 d6 11.
O-O Bg4 12. Nd5 Nab4 13. Bb1 Re8 14. Nd4 Nxd4 15. Bxd4 Nxd5 16. cxd5 Bxd4+ 17. Qxd4 Qf6 18. Qxf6 gxf6 19. Bd3 f5 20. exf5 Be2 21. Bxe2 Rxe2 22. Rf2 Rae8 23. g4 R8e4 24. Rc1 Re1+ 25. Rxe1 Rxe1+ 26.
Kg2 Rd1 27. Rc2 Rxd5 28. Rxc7 Rd2+ 29. Kg3 Rxb2 30. f6 h6 31. h4 d5 32. h5 Rxa2 33.
Rxb7 Ra3+ 34. Kh4 Ra4 35. Rb8+ Kh7 36. Rf8 Rxf4 37. Rxf7+ Kg8 38. Rg7+ Kh8 39. Rg6 Kh7 40. Kg3 Rf1 41. Rg7+ Kh8 42. Rf7 Kg8 43. Ra7 Rxf6 44.
Rxa5 Rd6 45. Kf3 Kg7 46. Kf4 Kf6 47. Ra3 d4 48. Rd3 Rd8 49. Ke4 Kg5 50. Rxd4 Rxd4+ 51. Kxd4 Kxg4 52. Ke3 Kxh5 53. Kf4 Kh4 54. Kf3 Kh3 55. Kf2 Kh2 56. Kf1 h5 57. Kf2 h4 58. Kf1 h3 59.
Kf2 Kh1 60. Kf1 h2 61. Kf2 1/2-1/2